TOP OF THE 1ST |
Bismarck Barons batting - Pitching for Balzac Rams : RHP Andrew Barnard
|
Pitching: RHP Andrew Barnard
|
|
Batting: RHB Jorge Espinosa
|
0-0: Called Strike 0-1: Foul Ball, location: 2F 0-2: Foul Ball, location: 2F 0-2: Ball 1-2: Ground out 4-3 (Groundball, 4)
|
Batting: LHB Dave Gray
|
0-0: Swinging Strike 0-1: Ground out 4-3 (Groundball, 4)
|
Batting: RHB Jack Bailey
|
0-0: Ball 1-0: Foul Ball, location: 2F 1-1: Foul Ball, location: 2F 1-2: Ball 2-2: Foul Ball, location: 2F 2-2: Ball 3-2: Base on Balls
|
Batting: RHB Paul Ladd
|
0-0: Ball 1-0: Foul Ball, location: 2F 1-1: Ball 2-1: Fielders Choice at 2nd, 6-4 (Groundball, 6)
|
Top of the 1st over - 0 run(s), 0 hit(s), 0 error(s), 0 left on base; Bismarck 0 - Balzac 0 |
BOTTOM OF THE 1ST |
Balzac Rams batting - Pitching for Bismarck Barons : LHP Francisco Morales
|
Pitching: LHP Francisco Morales
|
|
Batting: RHB Thomas Christopher
|
0-0: Called Strike 0-1: Swinging Strike 0-2: Ball 1-2: Ball 2-2: Strikes out swinging
|
Batting: RHB Tokuhei Kobayashi
|
0-0: Called Strike 0-1: Ball 1-1: Bunt missed! 1-2: Ground out 5-3 (Groundball, 5S)
|
Batting: SHB Chris Bennis
|
0-0: Ground out 4-3 (Groundball, 4)
|
Bottom of the 1st over - 0 run(s), 0 hit(s), 0 error(s), 0 left on base; Bismarck 0 - Balzac 0 |
TOP OF THE 2ND |
Bismarck Barons batting - Pitching for Balzac Rams : RHP Andrew Barnard
|
Batting: SHB Víctor Serrano
|
0-0: Ball 1-0: Foul Ball, location: 2F 1-1: Ball 2-1: Swinging Strike 2-2: SINGLE (Line Drive, 89S)
|
Batting: SHB Lester Olsen
|
0-0: Ball 1-0: SINGLE (Line Drive, 8RS) Víctor Serrano to second
|
Batting: RHB Benito Minardi
|
0-0: Ball 1-0: Called Strike 1-1: Ball 2-1: Called Strike 2-2: Grounds into double play, 5-4-3 (Groundball, 56) Víctor Serrano to third
|
Batting: RHB Miguel Hernández
|
0-0: Ball 1-0: Foul Ball, location: 2F 1-1: Ball 2-1: Ball 3-1: Called Strike 3-2: SINGLE (Flyball, 9LS) Víctor Serrano scores
|
Batting: LHB Lorenzo Núñes
|
0-0: Foul Ball, location: 2F 0-1: Fielders Choice at 2nd, 6-4 (Groundball, 6)
|
Top of the 2nd over - 1 run(s), 3 hit(s), 0 error(s), 0 left on base; Bismarck 1 - Balzac 0 |
BOTTOM OF THE 2ND |
Balzac Rams batting - Pitching for Bismarck Barons : LHP Francisco Morales
|
Batting: LHB José Berroa
|
0-0: Ball 1-0: Called Strike 1-1: Foul Ball, location: 2F 1-2: Fly out, F7 (Flyball, 7LMF)
|
Batting: LHB Pat Zimmerman
|
0-0: Called Strike 0-1: Ball 1-1: Called Strike 1-2: Ground out 5-3 (Groundball, 15S)
|
Batting: RHB Dave Craig
|
0-0: Fly out, F7 (Flyball, 78M)
|
Bottom of the 2nd over - 0 run(s), 0 hit(s), 0 error(s), 0 left on base; Bismarck 1 - Balzac 0 |
TOP OF THE 3RD |
Bismarck Barons batting - Pitching for Balzac Rams : RHP Andrew Barnard
|
Batting: RHB Jorge Espinosa
|
0-0: Ball 1-0: Fly out, F2 (Popup, 2RF)
|
Batting: LHB Dave Gray
|
0-0: Ball 1-0: Called Strike 1-1: Foul Ball, location: 2F 1-2: Ground out 1-3 (Groundball, 13)
|
Batting: RHB Jack Bailey
|
0-0: Called Strike 0-1: Ground out 1-3 (Groundball, 13)
|
Top of the 3rd over - 0 run(s), 0 hit(s), 0 error(s), 0 left on base; Bismarck 1 - Balzac 0 |
BOTTOM OF THE 3RD |
Balzac Rams batting - Pitching for Bismarck Barons : LHP Francisco Morales
|
Batting: LHB Colt Pope
|
0-0: Foul Ball, location: 2F 0-1: Ball 1-1: Foul Ball, location: 2F 1-2: Ball 2-2: Ground out 6-3 (Groundball, 6)
|
Batting: RHB Manuel Pérez
|
0-0: Called Strike 0-1: Called Strike 0-2: Ball 1-2: Fly out, F4 (Popup, 4D)
|
Batting: RHB Félix Quintero
|
0-0: Ball 1-0: Ball 2-0: Swinging Strike 2-1: Foul Ball, location: 2F 2-2: Strikes out swinging
|
Bottom of the 3rd over - 0 run(s), 0 hit(s), 0 error(s), 0 left on base; Bismarck 1 - Balzac 0 |
TOP OF THE 4TH |
Bismarck Barons batting - Pitching for Balzac Rams : RHP Andrew Barnard
|
Batting: RHB Paul Ladd
|
0-0: Ball 1-0: Foul Ball, location: 2F 1-1: Ball 2-1: Foul Ball, location: 2F 2-2: Ball 3-2: DOUBLE (Groundball, 5L)
|
Batting: SHB Víctor Serrano
|
0-0: Ground out U3 (Groundball, 3L) Paul Ladd to third
|
Batting: SHB Lester Olsen
|
0-0: Ball 1-0: Ball Wild Pitch! Paul Ladd scores 2-0: Ball 3-0: Base on Balls
|
Batting: RHB Benito Minardi
|
0-0: Called Strike 0-1: Ball 1-1: Ball 2-1: Ball 3-1: Grounds into double play, 5-4-3 (Groundball, 5)
|
Top of the 4th over - 1 run(s), 1 hit(s), 0 error(s), 0 left on base; Bismarck 2 - Balzac 0 |
BOTTOM OF THE 4TH |
Balzac Rams batting - Pitching for Bismarck Barons : LHP Francisco Morales
|
Batting: RHB Thomas Christopher
|
0-0: Called Strike 0-1: Swinging Strike 0-2: Ball 1-2: Strikes out swinging
|
Batting: RHB Tokuhei Kobayashi
|
0-0: Ball 1-0: Called Strike 1-1: Ball 2-1: Ball 3-1: Ground out 6-3 (Groundball, 6)
|
Batting: SHB Chris Bennis
|
0-0: Called Strike 0-1: Called Strike 0-2: Ball 1-2: Ground out 5-3 (Groundball, 56)
|
Bottom of the 4th over - 0 run(s), 0 hit(s), 0 error(s), 0 left on base; Bismarck 2 - Balzac 0 |
TOP OF THE 5TH |
Bismarck Barons batting - Pitching for Balzac Rams : RHP Andrew Barnard
|
Batting: RHB Miguel Hernández
|
0-0: Ball 1-0: Foul Ball, location: 2F 1-1: Swinging Strike 1-2: Ball 2-2: Ball 3-2: Foul Ball, location: 2F 3-2: Base on Balls
|
Batting: LHB Lorenzo Núñes
|
0-0: Ball 1-0: Ball 2-0: Called Strike 2-1: Ball 3-1: Called Strike 3-2: Foul Ball, location: 2F 3-2: Grounds into double play, 4-6-3 (Groundball, 4)
|
Batting: RHB Jorge Espinosa
|
0-0: Swinging Strike 0-1: Foul Ball, location: 2F 0-2: Ground out 1-3 (Groundball, 23)
|
Top of the 5th over - 0 run(s), 0 hit(s), 0 error(s), 0 left on base; Bismarck 2 - Balzac 0 |
BOTTOM OF THE 5TH |
Balzac Rams batting - Pitching for Bismarck Barons : LHP Francisco Morales
|
Batting: LHB José Berroa
|
0-0: Ball 1-0: Called Strike 1-1: Swinging Strike 1-2: Ball 2-2: Foul Ball, location: 2F 2-2: Foul Ball, location: 2F 2-2: Strikes out swinging
|
Batting: LHB Pat Zimmerman
|
0-0: Called Strike 0-1: Ball 1-1: Ball 2-1: Foul Ball, location: 2F 2-2: Fly out, F9 (Line Drive, 9D)
|
Batting: RHB Dave Craig
|
0-0: Ball 1-0: Swinging Strike 1-1: Swinging Strike 1-2: Ball 2-2: Strikes out swinging
|
Bottom of the 5th over - 0 run(s), 0 hit(s), 0 error(s), 0 left on base; Bismarck 2 - Balzac 0 |
TOP OF THE 6TH |
Bismarck Barons batting - Pitching for Balzac Rams : RHP Andrew Barnard
|
Batting: LHB Dave Gray
|
0-0: Ball 1-0: Ball 2-0: Ball 3-0: Called Strike 3-1: Called Strike 3-2: Base on Balls
|
Batting: RHB Jack Bailey
|
0-0: Ball 1-0: Ball 2-0: Called Strike 2-1: 2-RUN HOME RUN (Flyball, 8RXD), Distance : 421 ft
|
Batting: RHB Paul Ladd
|
0-0: Ball 1-0: Ball 2-0: Swinging Strike 2-1: Ball 3-1: Called Strike 3-2: Strikes out looking
|
Pitching: LHP Tim Jenkins
|
|
Batting: SHB Víctor Serrano
|
0-0: Foul Ball, location: 2F 0-1: Reached on error, E6 (Groundball, 6)
|
Batting: SHB Lester Olsen
|
0-0: Called Strike 0-1: Ball 1-1: Ball 2-1: Swinging Strike 2-2: Ground out 4-3 (Groundball, 4) Víctor Serrano to third
|
Batting: RHB Benito Minardi
|
0-0: Called Strike 0-1: Ball 1-1: Ground out 5-3 (Groundball, 5S)
|
Top of the 6th over - 2 run(s), 1 hit(s), 1 error(s), 1 left on base; Bismarck 4 - Balzac 0 |
BOTTOM OF THE 6TH |
Balzac Rams batting - Pitching for Bismarck Barons : LHP Francisco Morales
|
Batting: LHB Colt Pope
|
0-0: Fly out, F9 (Flyball, 9D)
|
Batting: RHB Manuel Pérez
|
0-0: Called Strike 0-1: Foul Ball, location: 2F 0-2: Strikes out looking
|
Batting: RHB Félix Quintero
|
0-0: Ball 1-0: Foul Ball, location: 2F 1-1: Ball 2-1: Ground out 6-3 (Groundball, 6)
|
Bottom of the 6th over - 0 run(s), 0 hit(s), 0 error(s), 0 left on base; Bismarck 4 - Balzac 0 |
TOP OF THE 7TH |
Bismarck Barons batting - Pitching for Balzac Rams : LHP Tim Jenkins
|
Batting: RHB Miguel Hernández
|
0-0: Ball 1-0: Called Strike 1-1: Swinging Strike 1-2: Foul Ball, location: 2F 1-2: Fly out, F4 (Popup, 4D)
|
Batting: LHB Lorenzo Núñes
|
0-0: Bunt missed! 0-1: Called Strike 0-2: Strikes out swinging
|
Batting: RHB Jorge Espinosa
|
0-0: Called Strike 0-1: Ball 1-1: Ball 2-1: Foul Ball, location: 2F 2-2: Ball 3-2: Base on Balls
|
Batting: LHB Dave Gray
|
0-0: Called Strike 0-1: Called Strike 0-2: Strikes out looking
|
Top of the 7th over - 0 run(s), 0 hit(s), 0 error(s), 1 left on base; Bismarck 4 - Balzac 0 |
BOTTOM OF THE 7TH |
Balzac Rams batting - Pitching for Bismarck Barons : LHP Francisco Morales
|
Batting: RHB Thomas Christopher
|
0-0: Ball 1-0: Foul Ball, location: 2F 1-1: SINGLE (Groundball, 56D)
|
Batting: RHB Tokuhei Kobayashi
|
0-0: Fielders Choice at 2nd, 6-4 (Groundball, 6)
|
Batting: SHB Chris Bennis
|
0-0: Ball 1-0: Called Strike 1-1: Ball 2-1: Called Strike 2-2: Strikes out swinging
|
Batting: LHB José Berroa
|
0-0: Swinging Strike 0-1: Ball 1-1: Foul Ball, location: 2F 1-2: Ball 2-2: Ball 3-2: Base on Balls Tokuhei Kobayashi to second
|
Batting: LHB Pat Zimmerman
|
0-0: Ball 1-0: Ground out 4-3 (Groundball, 4)
|
Bottom of the 7th over - 0 run(s), 1 hit(s), 0 error(s), 2 left on base; Bismarck 4 - Balzac 0 |
TOP OF THE 8TH |
Bismarck Barons batting - Pitching for Balzac Rams : LHP Tim Jenkins
|
Batting: RHB Jack Bailey
|
0-0: Swinging Strike 0-1: Foul Ball, location: 2F 0-2: Strikes out swinging
|
Pitching: RHP David Elías
|
|
Batting: RHB Paul Ladd
|
0-0: Called Strike 0-1: Ball 1-1: Foul Ball, location: 2F 1-2: Ball 2-2: Strikes out looking
|
Batting: SHB Víctor Serrano
|
0-0: Ball 1-0: Called Strike 1-1: Fly out, F7 (Flyball, 7D)
|
Top of the 8th over - 0 run(s), 0 hit(s), 0 error(s), 0 left on base; Bismarck 4 - Balzac 0 |
BOTTOM OF THE 8TH |
Balzac Rams batting - Pitching for Bismarck Barons : LHP Francisco Morales
|
Batting: RHB Dave Craig
|
0-0: Fly out, F8 (Flyball, 8RM)
|
Batting: LHB Colt Pope
|
0-0: Ball 1-0: Swinging Strike 1-1: Ball 2-1: Ground out 5-3 (Groundball, 15S)
|
Batting: RHB Manuel Pérez
|
0-0: DOUBLE (Flyball, 89D)
|
Batting: RHB Félix Quintero
|
0-0: DOUBLE (Flyball, 89D) Manuel Pérez scores
|
Pitching: RHP Dalton Ray
|
|
Batting: RHB Thomas Christopher
|
0-0: Called Strike 0-1: Foul Ball, location: 2F 0-2: Strikes out swinging
|
Bottom of the 8th over - 1 run(s), 2 hit(s), 0 error(s), 1 left on base; Bismarck 4 - Balzac 1 |
TOP OF THE 9TH |
Bismarck Barons batting - Pitching for Balzac Rams : RHP David Elías
|
Batting: SHB Lester Olsen
|
0-0: Ball 1-0: Fly out, F4 (Line Drive, 4)
|
Batting: RHB Benito Minardi
|
0-0: Ball 1-0: Ball 2-0: Ground out 5-3 (Groundball, 56)
|
Batting: RHB Miguel Hernández
|
0-0: Ball 1-0: Ball 2-0: Ball 3-0: Base on Balls
|
Batting: LHB Lorenzo Núñes
|
0-0: DOUBLE (Line Drive, 3L) Miguel Hernández to third Runner from 3rd tries for Home, SAFE, no throw or cutoff
|
Batting: RHB Jorge Espinosa
|
0-0: Called Strike 0-1: Ball 1-1: Ball 2-1: Ball 3-1: Base on Balls
|
Batting: LHB Dave Gray
|
0-0: Called Strike 0-1: SINGLE (Line Drive, 4M) Lorenzo Núñes to third Jorge Espinosa to second Runner from 3rd tries for Home, SAFE, throw made home
|
Batting: RHB Jack Bailey
|
0-0: Called Strike 0-1: Ball 1-1: Swinging Strike 1-2: Ball 2-2: Strikes out swinging
|
Top of the 9th over - 2 run(s), 2 hit(s), 0 error(s), 2 left on base; Bismarck 6 - Balzac 1 |
BOTTOM OF THE 9TH |
Balzac Rams batting - Pitching for Bismarck Barons : RHP Dalton Ray
|
Pitching: LHP Raúl Sandoval
|
|
Now in CF: Paco Sandoval
|
|
Batting: RHB Tokuhei Kobayashi
|
0-0: Ball 1-0: Called Strike 1-1: Ball 2-1: Ground out 5-3 (Groundball, 5L)
|
Batting: SHB Chris Bennis
|
0-0: Foul Ball, location: 2F 0-1: Ball 1-1: Swinging Strike 1-2: SINGLE (Groundball, 56D)
|
Batting: LHB José Berroa
|
0-0: Foul Ball, location: 2F 0-1: Fly out, F8 (Flyball, 8LM)
|
Batting: LHB Pat Zimmerman
|
0-0: Called Strike 0-1: SINGLE (Flyball, 8RS) Chris Bennis to second Runner from 2nd tries for 3rd, SAFE, throw made to third Pat Zimmerman to second
|
Batting: RHB Dave Craig
|
0-0: Called Strike 0-1: Foul Ball, location: 2F 0-2: Ball 1-2: Strikes out swinging
|
Bottom of the 9th over - 0 run(s), 2 hit(s), 0 error(s), 2 left on base; Bismarck 6 - Balzac 1 |
|